AoeStats
← Neepje

Black Forest

506120349Analyzed
2v2 RM · 20d ago on Sep 12, 2026· 48m 3s· 4 players
Game mode
Random Map
Map size
Medium (4 player)
Population
200
Speed
Normal
Resources
Standard
Victory
Conquest
Starting age
Dark Age
Ending age
Imperial Age
RankedLock teamsTeams togetherTeam positionsShared explorationLock speedFull tech treeHidden civsTurbo modeCheats
Victory
Defeat
🇹🇼 Malians · Taiwan
922
+15
🇨🇳 Huns · China
855
+17
🇨🇭 Goths · Switzerland
896
-16
🇨🇭 Franks · Switzerland
896
-16
Spawn
3:44 Loom
14:42 Feudal Age
19:36 Castle Age
22:39 Gold Mining
27:49 Gold Shaft Mining
27:46 Scale Barding Armor
29:52 Forging
29:52 Double-Bit Axe
30:21 Husbandry
31:15 Husbandry
32:28 Chain Barding Armor
36:39 Wheelbarrow
39:21 Imperial Age
39:26 Cavalier
43:36 Paladin
46:02 Capped Ram
47:25 Fortified Wall
49:06 Plate Barding Armor
49:07 Iron Casting
Neepje
0:55 Loom
15:36 Feudal Age
16:03 Double-Bit Axe
20:34 Castle Age
18:52 Horse Collar
19:04 Gold Mining
19:45 Forging
22:50 Bow Saw
23:19 Wheelbarrow
22:25 Man-at-Arms
23:06 Squires
24:32 Heavy Plow
24:34 Long Swordsman
34:22 Fletching
39:40 Bodkin Arrow
42:14 Town Watch
qvbcheng
12:56 Feudal Age
17:08 Castle Age
14:59 Double-Bit Axe
15:20 Horse Collar
16:37 Gold Mining
17:07 Forging
17:29 Stone Mining
17:42 Scale Mail Armor
18:48 Bow Saw
25:01 Chain Mail Armor
32:58 Heavy Plow
34:16 Iron Casting
36:41 Wheelbarrow
37:07 Gold Shaft Mining
39:13 Imperial Age
38:04 Caravan
38:16 Scale Barding Armor
38:45 Hand Cart
39:21 Chain Barding Armor
40:52 Plate Barding Armor
40:20 Farimba
40:41 Conscription
41:27 Plate Mail Armor
41:13 Bloodlines
41:03 Husbandry
40:25 Cavalier
47:15 Fervor
48:56 Crop Rotation
aszsgs
0:29 Loom
17:40 Feudal Age
18:33 Double-Bit Axe
18:31 Horse Collar
19:29 Wheelbarrow
22:07 Stone Mining
23:08 Gold Mining
27:23 Castle Age
28:22 Bow Saw
28:15 Heavy Plow
28:33 Hand Cart
31:30 Gold Shaft Mining
31:04 Caravan
39:54 Imperial Age
40:52 Scale Barding Armor
40:58 Forging
40:47 Cavalier
41:31 Husbandry
41:43 Bloodlines
40:56 Light Cavalry
43:41 Conscription
42:45 Paladin
44:10 Iron Casting
44:57 Sappers
48:16 Chain Barding Armor
48:57 Blast Furnace
47:57 Hussar
Connection lost

Rejoining the realm…

Still unreachable

The connection could not be restored.

Session expired

The server has moved on; the page needs a fresh start.